 Dungeon Crawl Stone Soup version 0.22.0-21-g8bd1b0a (webtiles) character file.

51 Lew the Skirmisher (level 3, 0/29 HPs)
             Began as a Demonspawn Abyssal Knight on Aug 19, 2018.
             Was a Follower of Lugonu.
             Slain by a sky beast (1 damage)
             ... on level 3 of the Dungeon.
             The game lasted 00:05:08 (2000 turns).

Lew the Skirmisher (Demonspawn Abyssal Knight)      Turns: 2000, Time: 00:05:09

Health: 0/29       AC:  6    Str: 10    XL:     3   Next: 57%
Magic:  4/4        EV: 10    Int: 13    God:    Lugonu [*.....]
Gold:   137        SH:  0    Dex: 13    Spells: 2/2 levels left

rFire    . . .     SeeInvis .   a - +1 falchion
rCold    . . .     Gourm    .   (no shield)
rNeg     . . .     Faith    .   n - +0 ring mail
rPois    .         Spirit   .   (no helmet)
rElec    +         Reflect  .   (no cloak)
rCorr    .         Harm     .   (no gloves)
MR       .....                  m - +0 pair of boots
Stlth    ++........             (no amulet)
HPRegen  0.09/turn              e - ring of stealth
MPRegen  0.09/turn              l - ring of attention (curse)

@: no status effects
A: nightstalker 1, sense surroundings 1, electricity resistance, weak 1
a: Depart the Abyss, Renounce Religion


You were on level 3 of the Dungeon.
You worshipped Lugonu.
Lugonu was aware of your devotion.
You were hungry.

You visited 1 branch of the dungeon, and saw 3 of its levels.
You visited the Abyss 1 time.

You collected 137 gold pieces.

Inventory:

Hand Weapons
 a - a +1 falchion (weapon)
Armour
 b - a +0 leather armour
 i - a +0 chain mail
 m - a +0 pair of boots (worn)
 n - a +0 ring mail (worn)
Jewellery
 e - a ring of stealth (left hand)
 h - an uncursed ring of resist corrosion
 l - a cursed ring of attention (right hand)
 o - a +3 ring of protection {unknown}
Scrolls
 f - a scroll of amnesia {unknown}
 j - a scroll of remove curse {unknown}
 k - 2 scrolls of identify
Potions
 d - a potion of heal wounds
 g - a potion of ambrosia {unknown}
 p - a potion of lignification {unknown}
Comestibles
 c - 7 rations


   Skills:
 + Level 3.4 Fighting
 + Level 2.2 Long Blades
 + Level 2.1 Armour
 + Level 1.4 Dodging
 + Level 1.0 Stealth
 - Level 2.5 Invocations


You had 2 spell levels left.
You didn't know any spells.
Your spell library was empty.

Dungeon Overview and Level Annotations

Branches:
Dungeon (3/15)

Altars:
Hepliaklqana


Innate Abilities, Weirdness & Mutations

You are slightly more attuned to the shadows.
You passively map a small area around you.
You are resistant to electric shocks. (rElec)
You are weak. (Str -2)


Message History

Something hits you but does no damage.
You miss something. Something hits you but does no damage.
You closely miss something. Something hits you but does no damage.
You closely miss something. Something hits you but does no damage.
Something hits you. Something shocks you. You resist.
You hit something but do no damage. Something hits you but does no damage.
You hit something but do no damage. Something hits you. Something shocks you.
You resist.
You miss something. Something hits you but does no damage.
You miss something. Something hits you. Something shocks you. You resist.
* * * LOW HITPOINT WARNING * * *
You closely miss something. Something hits you but does no damage.
Something hits you.
* * * LOW HITPOINT WARNING * * *
Something shocks you. You resist.
* * * LOW HITPOINT WARNING * * *
You miss something. Something hits you.
* * * LOW HITPOINT WARNING * * *
Something shocks you. You resist.
You die...

.#* , , .# * .######
......# , ......# *
......# ......#
#####.###############.#
#...........@{....# ,*
################### *


There were no monsters in sight!

Vanquished Creatures
  An adder (D:2)
  2 worms (D:2)
  2 leopard geckos (D:1)
  A giant cockroach (D:2)
  7 goblins
  5 hobgoblins
  2 jackals (D:2)
  6 kobolds
  4 bats
  A frilled lizard (D:2)
  3 rats
34 creatures vanquished.

Notes
Turn   | Place    | Note
-------+----------+-------------------------------------------
     0 | Abyss:1  | Lew the Demonspawn Abyssal Knight began the quest for the Orb.
     0 | Abyss:1  | Reached XP level 1. HP: 18/18 MP: 2/2
    37 | Abyss:2  | Noticed a neqoxec
    39 | Abyss:2  | Found a stormy altar of Qazlal.
    60 | Abyss:2  | Gained mutation: Scrolls take you a little longer to read. [a neqoxec]
    68 | Abyss:2  | Noticed a chaos spawn
    68 | Abyss:2  | Noticed an ancient zyme
   113 | Abyss:2  | Noticed a thrashing horror
   113 | Abyss:2  | Noticed a ynoxinul
   115 | D:1      | Escaped the Abyss
   491 | D:1      | Reached skill level 1 in Dodging
   507 | D:1      | Gained mutation: You are slightly more attuned to the shadows. [demonic ancestry]
   507 | D:1      | Reached XP level 2. HP: 24/24 MP: 3/3
   522 | D:1      | Reached * piety under Lugonu
   923 | D:2      | Lost mutation: Scrolls take you a little longer to read. [potion of mutation]
   923 | D:2      | Gained mutation: You are weak. (Str -2) [potion of mutation]
   923 | D:2      | Gained mutation: You passively map a small area around you. [potion of mutation]
   923 | D:2      | Gained mutation: You are resistant to electric shocks. (rElec) [potion of mutation]
   953 | D:2      | Found a hazy altar of Hepliaklqana.
  1185 | D:2      | Reached XP level 3. HP: 16/29 MP: 4/4
  1593 | D:2      | Reached skill level 1 in Stealth
  1968 | D:3      | Noticed a sky beast
  2000 | D:3      | HP: 1/29 [something (2)]
  2000 | D:3      | Slain by a sky beast

Skill      XL: |  1  2  3 |
---------------+----------+-----
Long Blades    | 2 |  2.2
Dodging        | 1 |  1.4
Armour         | 2 |  2.1
Stealth        | 1 |  1.0
Fighting       | |  3.4
Invocations    | |  2.5

Action                   || total
-------------------------++-------
Melee: Falchion          ||   161
Invok: Depart the Abyss  ||     1
  Use: Potion            ||     4
       Scroll            ||     3
 Stab: Sleeping          ||     1
  Eat: Chunk             ||     3
Armor: Chain mail        ||    74
       Ring mail         ||    26
Dodge: Dodged            ||    58
       Rpst.: Falchion   ||    23
